[Event "Titled Tuesday Blitz January 31 Late 2023"]
[White "Richterova, Natasa"]
[Black "Gomes, Luiz Alexandre de Souza"]
[WhiteFideId "350591"]
[BlackFideId "2102790"]
[WhiteElo "2191"]
[BlackElo "2254"]
[Result "0-1"]
[Round "09"]
[TimeControl "180+2"]
[Date "2023.01.31"]
[WhiteClock "0:00:07"]
[BlackClock "0:00:55"]

1. e4 c5 2. Nf3 d6 3. Bb5+ Nd7 4. O-O a6 5. Bxd7+ Bxd7 6. d4 e6 7. c3 Nf6 8. Re1 Be7 9. b3 O-O 10. Bb2 Rc8 11. Nbd2 cxd4 12. cxd4 Re8 13. Rc1 Qa5 14. Nc4 Qh5 15. Nb6 Rxc1 16. Qxc1 Bc6 17. d5 exd5 18. Bxf6 gxf6 19. exd5 Bxd5 20. Nxd5 Qxd5 21. Rd1 Qc5 22. Nd4 Bf8 23. Qd2 Re4 24. Nf3 Qf5 25. h3 Qe6 26. Nd4 Qd5 27. Nf3 Qxd2 28. Rxd2 Kg7 29. Nd4 Kg6 30. g4 h5 31. f3 Re1+ 32. Kf2 Rh1 33. Kg2 Ra1 34. Nf5 hxg4 35. hxg4 Kg5 36. Kg3 Rg1+ 37. Kf2 Ra1 38. Ke3 Re1+ 39. Kf2 Ra1 40. Kg2 a5 41. Kg3 b5 42. f4+ Kg6 43. Nxd6 Bxd6 44. Rxd6 Rxa2 45. f5+ Kg7 46. Rb6 b4 47. Rb5 Ra3 48. Kf4 Ra1 49. g5 Rf1+ 50. Kg4 Rg1+ 51. Kf4 fxg5+ 52. Ke5 Re1+ 53. Kd4 Kf6 54. Kc4 Re5 55. Rb6+ Kxf5 56. Rb7 f6 57. Kd4 g4 58. Rg7 Re4+ 59. Kd5 Re3 60. Kc4 Rc3+ 61. Kb5 Rxb3 62. Kxa5 g3 0-1


[Site "https://www.chess.com"]

[Event "Titled Tuesday Blitz January 31 Late 2023"]
[White "Corredor Castellanos, Camilo"]
[Black "Smith, Garrett L"]
[WhiteFideId "4425871"]
[BlackFideId "2024829"]
[WhiteElo "1957"]
[BlackElo "2047"]
[Result "1/2-1/2"]
[Round "09"]
[TimeControl "180+2"]
[Date "2023.01.31"]
[WhiteClock "0:01:40"]
[BlackClock "0:00:22"]

1. e4 c5 2. Nf3 Nc6 3. d4 cxd4 4. Nxd4 e5 5. Nb5 d6 6. N1c3 a6 7. Na3 Be7 8. Nd5 Nf6 9. Bd3 Nxd5 10. exd5 Qa5+ 11. Bd2 Qxd5 12. O-O e4 13. Bc4 Qf5 14. b4 Qg6 15. Kh1 Be6 16. Bc3 O-O 17. Bd5 Rac8 18. Re1 Bf5 19. Nc4 Bh4 20. Qd2 Ne7 21. Ne3 Bg5 22. Bxb7 Rc7 23. Bxa6 Bf4 24. Bf1 Rfc8 25. Bd4 Rxc2 26. Qxc2 Rxc2 27. Nxc2 Qh5 28. g3 Bg4 29. gxf4 Bf3+ 30. Bg2 Bxg2+ 31. Kxg2 Qg4+ 32. Kf1 Qh3+ 33. Kg1 Qg4+ 34. Kh1 Qf3+ 35. Kg1 Qg4+ 36. Kf1 Qh3+ 37. Kg1 Qg4+ 1/2-1/2


[Site "https://www.chess.com"]

[Event "Titled Tuesday Blitz January 31 Late 2023"]
[White "Good, Daniel"]
[Black "Kaufman, Lawrence"]
[WhiteFideId "1302388"]
[BlackFideId "2000555"]
[WhiteElo "2141"]
[BlackElo "2188"]
[Result "1-0"]
[Round "09"]
[TimeControl "180+2"]
[Date "2023.01.31"]
[WhiteClock "0:01:11"]
[BlackClock "0:00:02"]

1. d4 Nf6 2. c4 e6 3. Nf3 d5 4. Nc3 Bb4 5. cxd5 exd5 6. Bg5 h6 7. Bh4 O-O 8. e3 Bf5 9. Be2 c5 10. dxc5 g5 11. Bg3 Ne4 12. Be5 Nd7 13. Bd4 Ndxc5 14. O-O Ne6 15. a3 Bxc3 16. bxc3 Rc8 17. Rc1 Qa5 18. Qb3 b6 19. Rfd1 Rfd8 20. c4 N4c5 21. Qa2 dxc4 22. Bxc4 Bg6 23. Ba1 Ne4 24. Rxd8+ Rxd8 25. Qb2 1-0


[Site "https://www.chess.com"]

[Event "Titled Tuesday Blitz January 31 Late 2023"]
[White "Wilson, Elvin"]
[Black "Fiorito, Francisco"]
[WhiteFideId "2014874"]
[BlackFideId "180165"]
[WhiteElo "2183"]
[BlackElo "2305"]
[Result "0-1"]
[Round "09"]
[TimeControl "180+2"]
[Date "2023.01.31"]
[WhiteClock "0:00:01"]
[BlackClock "0:02:17"]

1. c4 e5 2. Nc3 Nf6 3. g3 Bb4 4. e4 Bxc3 5. dxc3 O-O 6. Bg2 d6 7. f3 Be6 8. b3 Nbd7 9. Nh3 h6 10. Nf2 a6 11. a4 b5 12. axb5 axb5 13. Rxa8 Qxa8 14. cxb5 Qa5 15. Bd2 Qxb5 16. c4 Qb6 17. Qc2 Rb8 18. b4 Qa6 19. Bf1 Nb6 20. c5 Qa1+ 21. Nd1 dxc5 22. bxc5 Na4 23. Kf2 Bb3 24. Qc1 Qxc1 25. Bxc1 Bxd1 26. Bb5 Rxb5 27. Rxd1 Nxc5 28. Be3 Rb2+ 29. Kf1 Ne6 30. Rc1 c5 31. Bxc5 Ng5 0-1


[Site "https://www.chess.com"]

[Event "Titled Tuesday Blitz January 31 Late 2023"]
[White "rikchessmx"]
[Black "Davidson, Kevin"]
[BlackFideId "2056810"]
[WhiteElo "2287"]
[BlackElo "2154"]
[Result "1-0"]
[Round "09"]
[TimeControl "180+2"]
[Date "2023.01.31"]
[WhiteClock "0:00:47"]
[BlackClock "0:00:01"]

1. e4 c5 2. Nf3 d6 3. d4 cxd4 4. Nxd4 Nf6 5. Nc3 a6 6. f4 g6 7. Be2 Bg7 8. Be3 O-O 9. g4 Nc6 10. g5 Nd7 11. Nb3 b5 12. Qd2 Bb7 13. O-O-O Rc8 14. e5 Ncxe5 15. fxe5 Nxe5 16. Rhf1 Nc4 17. Bxc4 Rxc4 18. Bd4 e5 19. Be3 b4 20. Na4 d5 21. Nb6 Rd4 22. Bxd4 exd4 23. Qxb4 Qxg5+ 24. Kb1 Bc6 25. Nxd4 Bb5 26. Nxb5 axb5 27. Nd7 Rd8 28. Qd6 d4 29. Qc7 Qe7 30. Rfe1 Qxd7 31. Qxd7 Rxd7 32. Re8+ Bf8 33. Rb8 b4 34. c3 bxc3 35. bxc3 d3 36. c4 Kg7 37. Rb3 f5 38. Rbxd3 Rf7 39. Rd7 Be7 40. Kc2 g5 41. R7d5 f4 42. c5 g4 43. Rg1 h5 44. Rxh5 Kg6 45. Rd5 g3 46. hxg3 f3 47. Rf1 Bf6 48. Rxf3 Ra7 49. a3 Ra5 50. Kb3 Kf7 51. Rdf5 Rb5+ 52. Kc4 1-0


[Site "https://www.chess.com"]

[Event "Titled Tuesday Blitz January 31 Late 2023"]
[White "Buchenau, Frank"]
[Black "Floresvillar Gonzalez, Luis Migu"]
[WhiteFideId "4604350"]
[BlackFideId "5100542"]
[WhiteElo "2222"]
[BlackElo "2043"]
[Result "1-0"]
[Round "09"]
[TimeControl "180+2"]
[Date "2023.01.31"]
[WhiteClock "0:00:08"]
[BlackClock "0:00:02"]

1. e4 c6 2. Nf3 d5 3. Nc3 Bg4 4. h3 Bxf3 5. Qxf3 e6 6. d3 Nf6 7. g3 Nbd7 8. Bd2 Bc5 9. Bg2 O-O 10. O-O Qc7 11. Qe2 Qxg3 12. Na4 Qg6 13. Nxc5 Nxc5 14. e5 Nfd7 15. Kh2 Rae8 16. Bb4 f6 17. d4 Ne4 18. Bxf8 Rxf8 19. Rae1 fxe5 20. Bxe4 dxe4 21. Qxe4 Rf5 22. dxe5 Qf7 23. f4 Nxe5 24. Qd4 Nd7 25. Rd1 Rd5 26. Qe3 Qf5 27. Rde1 Qxc2+ 28. Re2 Qf5 29. Qxe6+ Qxe6 30. Rxe6 Rd2+ 31. Kg3 Rxb2 32. Re7 Nf6 33. Rfe1 b6 34. Rc7 Rxa2 35. Ree7 Nh5+ 36. Kg4 Nf6+ 37. Kf5 Ra5+ 38. Ke6 h5 39. Rxg7+ Kh8 40. Kxf6 Rd5 41. Rh7+ Kg8 42. Rcg7+ Kf8 43. Rh8# 1-0


[Site "https://www.chess.com"]

[Event "Titled Tuesday Blitz January 31 Late 2023"]
[White "Figorito, Nick"]
[Black "Chabris, Christopher"]
[WhiteFideId "30923689"]
[BlackFideId "2005263"]
[WhiteElo "2036"]
[BlackElo "2053"]
[Result "0-1"]
[Round "09"]
[TimeControl "180+2"]
[Date "2023.01.31"]
[WhiteClock "0:00:20"]
[BlackClock "0:00:24"]

1. Nf3 Nf6 2. g3 e6 3. Bg2 d5 4. O-O b5 5. a4 b4 6. c3 a5 7. cxb4 Bxb4 8. b3 O-O 9. Bb2 Nbd7 10. Nc3 Ba6 11. Re1 c5 12. Na2 Rb8 13. Nxb4 axb4 14. Ne5 Qc7 15. Nxd7 Nxd7 16. d3 Rfc8 17. Qd2 h6 18. Rec1 Qd6 19. Qe3 Bb7 20. d4 c4 21. bxc4 dxc4 22. Bxb7 Rxb7 23. Rc2 c3 24. Bc1 Nf6 25. Qd3 Nd5 26. e4 b3 27. Ba3 b2 28. Re1 b1=Q 29. Bxd6 Qxe1+ 30. Kg2 Nf6 31. Re2 Qa1 32. Qa6 Rbc7 33. Bxc7 Rxc7 34. Qb5 c2 35. Qb8+ Kh7 36. Qxc7 c1=Q 37. Qxc1 Qxc1 38. Ra2 Qc4 39. Ra1 Qxd4 40. Ra3 Qxe4+ 0-1


[Site "https://www.chess.com"]

[Event "Titled Tuesday Blitz January 31 Late 2023"]
[White "ritanovikova"]
[Black "Mosquera, Miguel"]
[BlackFideId "4401131"]
[WhiteElo "2217"]
[BlackElo "2371"]
[Result "1-0"]
[Round "09"]
[TimeControl "180+2"]
[Date "2023.01.31"]
[WhiteClock "0:00:54"]
[BlackClock "0:00:15"]

1. e4 c5 2. Nc3 d6 3. d3 e6 4. g3 Nf6 5. Bg2 Be7 6. Be3 Nc6 7. Nge2 Bd7 8. Qd2 a6 9. Nd1 b5 10. c3 Rb8 11. d4 Na5 12. b3 Bc6 13. f3 O-O 14. O-O Qc7 15. Nb2 Rbd8 16. b4 Nc4 17. Nxc4 bxc4 18. Qc2 cxb4 19. cxb4 Qb7 20. Qxc4 d5 21. exd5 Nxd5 22. Bf2 Bb5 23. Qc2 Rc8 24. Qb2 Nxb4 25. Nf4 Rc2 26. Qb3 Bc4 27. Qe3 Bxf1 28. Rxf1 Rxa2 29. Nh5 Nd5 30. Qe5 Qc7 31. Qxg7# 1-0


[Site "https://www.chess.com"]

[Event "Titled Tuesday Blitz January 31 Late 2023"]
[White "Rian, Kapriaga"]
[Black "Kohler, Aran"]
[WhiteFideId "7103263"]
[BlackFideId "1002856"]
[WhiteElo "2089"]
[BlackElo "2010"]
[Result "1-0"]
[Round "09"]
[TimeControl "180+2"]
[Date "2023.01.31"]
[WhiteClock "0:00:04"]
[BlackClock "0:00:02"]

1. d4 Nf6 2. Nf3 d5 3. Bf4 c5 4. e3 Nc6 5. Nbd2 cxd4 6. exd4 Bg4 7. c3 e6 8. Be2 Bd6 9. Bg3 O-O 10. O-O Bxf3 11. Nxf3 Bxg3 12. hxg3 Ne4 13. Nd2 f5 14. Re1 Qg5 15. Nf3 Qh6 16. Bb5 Rac8 17. Bxc6 bxc6 18. Qc1 Qh5 19. Qf4 g5 20. Qe5 Rf6 21. Rxe4 Rh6 22. Rh4 gxh4 23. gxh4 Rg6 24. Kf1 Qg4 25. Qh2 Qe4 26. Re1 Qd3+ 27. Re2 Qb1+ 28. Ne1 Qxa2 29. Qd6 Re8 30. Qd7 Kf8 31. Nf3 Rg7 32. Qxc6 Qb1+ 33. Ne1 Rge7 34. h5 h6 35. g3 a5 36. Qd6 a4 37. Qf4 Kg7 38. Kg2 Qd1 39. Qe5+ Kh7 40. Qe3 Qb3 41. Nd3 Qb8 42. Ne5 Rg8 43. Nd3 Reg7 44. Nf4 1-0


[Site "https://www.chess.com"]

[Event "Titled Tuesday Blitz January 31 Late 2023"]
[White "Bongo Akanga Ndjila, Barthelemy"]
[Black "Zhou, Qiyu"]
[WhiteFideId "10609431"]
[BlackFideId "505161"]
[WhiteElo "1824"]
[BlackElo "2201"]
[Result "1-0"]
[Round "09"]
[TimeControl "180+2"]
[Date "2023.01.31"]
[WhiteClock "0:00:16"]
[BlackClock "0:01:17"]

1. d4 Nf6 2. Nf3 d5 3. c4 e6 4. cxd5 exd5 5. Bg5 Be7 6. Qc2 c6 7. e3 h6 8. Bh4 O-O 9. Bd3 Be6 10. Nc3 Nbd7 11. Ne5 Rc8 12. f4 Nxe5 13. fxe5 Nd7 14. Bf2 c5 15. O-O a6 16. a4 Nb8 17. Bh7+ Kh8 18. Bf5 Qd7 19. Bg3 Nc6 20. Rad1 Bg5 21. Bxe6 Bxe3+ 22. Kh1 fxe6 23. dxc5 Nb4 24. Qe2 Bxc5 25. Ne4 Be7 26. Qh5 Qxa4 27. Nf6 Bxf6 28. exf6 Rxf6 29. Rxf6 gxf6 30. Qxh6+ Kg8 31. Qg6+ Kh8 32. Qxf6+ Kg8 33. Qg6+ Kh8 34. Be5# 1-0


[Site "https://www.chess.com"]

[Event "Titled Tuesday Blitz January 31 Late 2023"]
[White "Rose, Felix"]
[Black "Harish, Neeraj"]
[WhiteFideId "5105722"]
[BlackFideId "30958130"]
[WhiteElo "2091"]
[BlackElo "2232"]
[Result "1-0"]
[Round "09"]
[TimeControl "180+2"]
[Date "2023.01.31"]
[WhiteClock "0:00:06"]
[BlackClock "0:00:17"]

1. d4 Nf6 2. Nc3 d5 3. Bf4 g6 4. Nf3 Bg7 5. Nb5 Na6 6. e3 O-O 7. h3 c6 8. Nc3 Nc7 9. Be5 b6 10. Be2 Bb7 11. O-O c5 12. a4 Ne6 13. Re1 Rc8 14. a5 Ne4 15. Bxg7 Kxg7 16. a6 Ba8 17. Ne5 f6 18. Nf3 cxd4 19. Nxe4 dxe4 20. Nxd4 Nxd4 21. exd4 Qc7 22. c3 Rfd8 23. Qc1 e5 24. dxe5 Qxe5 25. Qe3 f5 26. f4 Qc5 27. Kf2 Rd2 28. Qxc5 Rxc5 29. Rad1 Rxb2 30. Rd7+ Kh6 31. Rxa7 Bd5 32. Rd7 Ra5 33. Ke3 Bc6 34. Rc7 Ba8 35. g4 fxg4 36. hxg4 g5 37. Rc8 Bc6 38. Rxc6+ 1-0


[Site "https://www.chess.com"]

[Event "Titled Tuesday Blitz January 31 Late 2023"]
[White "Almedina Ortiz, Edgardo J."]
[Black "Tarnowska, Aleksandra"]
[WhiteFideId "3100197"]
[BlackFideId "1180967"]
[WhiteElo "2156"]
[BlackElo "1835"]
[Result "1-0"]
[Round "09"]
[TimeControl "180+2"]
[Date "2023.01.31"]
[WhiteClock "0:00:10"]
[BlackClock "0:00:01"]

1. Nf3 d5 2. g3 Nd7 3. d4 e6 4. Bg2 Ngf6 5. O-O Be7 6. c4 O-O 7. Qc2 dxc4 8. Qxc4 Nb6 9. Qc2 Nfd5 10. a3 c6 11. e4 Nf6 12. Rd1 Bd7 13. Bf4 Rc8 14. Nc3 c5 15. d5 exd5 16. exd5 Nh5 17. d6 Bf6 18. Be5 Bxe5 19. Nxe5 Re8 20. f4 Nf6 21. Bxb7 Rb8 22. Bf3 h6 23. Rd2 Rc8 24. Rad1 c4 25. Kg2 a5 26. Rd4 Rc5 27. R1d2 Qc8 28. Nxd7 Qxd7 29. Re2 Rxe2+ 30. Qxe2 Rc8 31. Qe5 Re8 32. Qxa5 Nc8 33. Qc7 Qe6 34. d7 Nxd7 35. Qxd7 Qe1 36. Ne4 Rf8 37. Nf2 Qc1 38. Rd2 Nb6 39. Qd4 Na4 40. Re2 Rc8 41. h4 Qb1 42. Qd7 1-0


[Site "https://www.chess.com"]

[Event "Titled Tuesday Blitz January 31 Late 2023"]
[White "Romero Ruscalleda, Josep"]
[Black "Sailer, Mike"]
[WhiteFideId "2231859"]
[BlackFideId "2012901"]
[WhiteElo "2160"]
[BlackElo "2109"]
[Result "0-1"]
[Round "09"]
[TimeControl "180+2"]
[Date "2023.01.31"]
[WhiteClock "0:00:02"]
[BlackClock "0:00:03"]

1. e4 d5 2. exd5 Qxd5 3. Nc3 Qd6 4. g3 Nf6 5. Bg2 c6 6. d4 Bf5 7. Bf4 Qd8 8. Nge2 e6 9. O-O Be7 10. a4 a5 11. h3 h6 12. Kh2 O-O 13. g4 Bh7 14. Ng3 Nbd7 15. Qd2 Nb6 16. b3 Nbd5 17. Nxd5 cxd5 18. Rfe1 Rc8 19. Rac1 Ba3 20. Bxh6 Bxc1 21. Qxc1 gxh6 22. Qxh6 Rxc2 23. g5 Rxf2 24. gxf6 Qxf6 25. Qe3 Rc8 26. Nh5 Rxg2+ 27. Kxg2 Rc2+ 28. Re2 Rxe2+ 29. Qxe2 Qg5+ 30. Qg4 Qxg4+ 31. hxg4 Bc2 32. Nf6+ Kg7 33. Ne8+ Kg6 34. Nd6 b6 35. Nc8 Bxb3 36. Nxb6 f5 37. gxf5+ Kxf5 38. Kf3 e5 39. Ke3 e4 40. Nc8 Bxa4 41. Nd6+ Ke6 42. Nb7 Bb3 43. Nc5+ Kd6 44. Nxb3 a4 45. Nc1 Kc6 46. Na2 Kb5 47. Nc3+ Kb4 48. Nxd5+ Kb3 49. Kxe4 a3 50. Nf4 a2 51. Nd3 a1=Q 52. d5 Qh1+ 53. Kd4 Qh4+ 54. Kc5 Kc3 55. Ne5 Qb4+ 56. Kc6 Qa4+ 57. Kd6 Qa6+ 58. Ke7 Qb6 59. Nc6 Qe3+ 60. Kd6 Kc4 61. Ne5+ Kd4 62. Nc6+ Ke4 63. Ke6 Qh6+ 64. Kd7 Kxd5 65. Ne7+ Ke5 66. Nc6+ Ke4 67. Ne7 Qg7 68. Ke6 Qh6+ 69. Kf7 Qh5+ 70. Ke6 Qe5+ 71. Kd7 Qd4+ 72. Ke6 Qa4 73. Kf6 Qa6+ 74. Kf7 Ke5 75. Ng6+ Kf5 76. Ne7+ Kg5 77. Nd5 Qg6+ 78. Ke7 Qg7+ 79. Kd6 Kf5 80. Kc5 Ke5 81. Nb6 Qc7+ 82. Kb5 Kd4 83. Na4 Qc4+ 84. Ka5 Qc7+ 85. Kb5 Qb7+ 86. Nb6 Qb8 87. Kc6 Qe8+ 0-1


[Site "https://www.chess.com"]

[Event "Titled Tuesday Blitz January 31 Late 2023"]
[White "Cella, Glaucio Dalla Cortt"]
[Black "Simonovic, Miroslav"]
[WhiteFideId "2119455"]
[BlackFideId "919152"]
[WhiteElo "1894"]
[BlackElo "2082"]
[Result "1-0"]
[Round "09"]
[TimeControl "180+2"]
[Date "2023.01.31"]
[WhiteClock "0:01:37"]
[BlackClock "0:00:14"]

1. e4 c5 2. Nf3 Nc6 3. c3 e5 4. Bc4 g6 5. Qb3 Qe7 6. Na3 a6 7. O-O Bg7 8. d4 cxd4 9. cxd4 Nxd4 10. Nxd4 exd4 11. Bf4 d6 12. Bd5 Be5 13. Bd2 Nf6 14. f4 Nxd5 15. fxe5 Ne3 16. exd6 Qe6 17. Qa4+ Bd7 18. Qxd4 O-O 19. Qd3 Nxf1 20. Rxf1 Rfe8 21. Re1 Bb5 22. Nxb5 axb5 23. e5 Rxa2 24. Bg5 Qc4 25. d7 Raa8 26. dxe8=Q+ Rxe8 27. Qd2 Qc5+ 28. Kh1 Rxe5 29. Qd8+ Qf8 30. Qxf8+ Kxf8 31. Rxe5 Kg7 32. Rxb5 h6 33. Rxb7 hxg5 34. Rxf7+ Kxf7 35. Kg1 Ke6 36. Kf2 Ke5 37. Kg3 Kd4 38. Kg4 Kc4 39. Kxg5 Kb3 40. Kxg6 Kxb2 41. h4 Kc3 42. h5 Kd4 43. h6 Ke5 44. g4 1-0


[Site "https://www.chess.com"]

[Event "Titled Tuesday Blitz January 31 Late 2023"]
[White "Deac, Bogdan-Daniel"]
[Black "Yu, Yangyi"]
[WhiteFideId "1226380"]
[BlackFideId "8603820"]
[WhiteElo "2700"]
[BlackElo "2729"]
[Result "1/2-1/2"]
[Round "10"]
[TimeControl "180+2"]
[Date "2023.01.31"]
[WhiteClock "0:00:06"]
[BlackClock "0:00:05"]

1. e4 c5 2. Nf3 Nc6 3. d4 cxd4 4. Nxd4 Nf6 5. Nc3 e5 6. Ndb5 d6 7. Bg5 a6 8. Na3 b5 9. Nd5 Be7 10. Bxf6 Bxf6 11. c3 O-O 12. Nc2 Rb8 13. h4 g6 14. g3 Bg7 15. Bg2 h5 16. O-O a5 17. Qd3 Ne7 18. Nce3 Nxd5 19. Nxd5 Be6 20. Rfd1 Kh8 21. a3 a4 22. Qe2 Qc8 23. Rd3 Qc4 24. Ne3 Qc5 25. Rad1 Rfd8 26. Nd5 Rd7 27. Kh2 Kg8 28. Bh3 Rf8 29. Kg2 Kh8 30. Qe3 Qc6 31. Nb4 Qc7 32. Nd5 Qc6 33. Kh2 Qb7 34. Qe2 Qc6 35. Qd2 Qc5 36. Qe2 Qc6 37. Qe3 Qb7 38. Nb6 Rdd8 39. Rxd6 Rxd6 40. Rxd6 Bxh3 41. Kxh3 Qc7 42. Rd1 f5 43. Nd5 Qf7 44. exf5 gxf5 45. Kg2 f4 46. gxf4 exf4 47. Qf3 Qg6+ 48. Kh1 Qg4 49. Qxg4 hxg4 50. Rg1 g3 51. fxg3 fxg3 52. Rxg3 Rf1+ 53. Kh2 Be5 54. Kg2 Rd1 55. Rg5 Rxd5 56. Kf3 Rc5 57. Ke4 Bd6 58. Rxc5 Bxc5 59. Kd5 Be3 60. Kc6 Bc1 61. Kxb5 Bxb2 62. Kb4 Kg7 63. c4 Bf6 64. c5 Bxh4 65. Kxa4 Kf7 66. Kb5 Ke7 67. Kb6 Bf2 68. a4 Kd7 69. a5 Kc8 70. a6 Kb8 71. a7+ Ka8 72. Kc6 Kxa7 73. Kb5 Bxc5 1/2-1/2


[Site "https://www.chess.com"]

[Event "Titled Tuesday Blitz January 31 Late 2023"]
[White "Carlsen, Magnus"]
[Black "Dubov, Daniil"]
[WhiteFideId "1503014"]
[BlackFideId "24126055"]
[WhiteElo "2853"]
[BlackElo "2708"]
[Result "1-0"]
[Round "10"]
[TimeControl "180+2"]
[Date "2023.01.31"]
[WhiteClock "0:01:19"]
[BlackClock "0:00:01"]

1. e4 c5 2. Nf3 e6 3. c3 d5 4. exd5 exd5 5. d4 Nc6 6. Bb5 Bd6 7. dxc5 Bxc5 8. O-O Ne7 9. Nbd2 O-O 10. Nb3 Bb6 11. Bd3 Ng6 12. Re1 Bg4 13. h3 Bxf3 14. Qxf3 Nge5 15. Qg3 Nxd3 16. Qxd3 d4 17. cxd4 Nxd4 18. Nxd4 Qxd4 19. Qxd4 Bxd4 20. Be3 Bxe3 21. Rxe3 Rfe8 22. Rc1 Rxe3 23. fxe3 g6 24. Rc7 Rb8 25. b4 a5 26. bxa5 Ra8 27. Rc5 Rd8 28. a4 Rd3 29. Kf2 Ra3 30. Rc4 Kg7 31. Rb4 Kf6 32. Kf3 h5 33. h4 Ra2 34. g3 Ke6 35. Kf4 Kf6 36. e4 Rf2+ 37. Ke3 Ra2 38. Kd4 Ra3 39. Kc5 Rxg3 40. Rxb7 Rc3+ 41. Kb4 Re3 42. a6 Rxe4+ 43. Ka5 Re8 44. a7 Ra8 45. Ka6 g5 46. hxg5+ Kxg5 47. Rxf7 h4 48. Kb7 1-0


[Site "https://www.chess.com"]

[Event "Titled Tuesday Blitz January 31 Late 2023"]
[White "Lenderman, Aleksandr"]
[Black "Caruana, Fabiano"]
[WhiteFideId "2021285"]
[BlackFideId "2020009"]
[WhiteElo "2572"]
[BlackElo "2764"]
[Result "0-1"]
[Round "10"]
[TimeControl "180+2"]
[Date "2023.01.31"]
[WhiteClock "0:00:02"]
[BlackClock "0:00:09"]

1. Nf3 d5 2. e3 Nf6 3. c4 e6 4. d4 b6 5. cxd5 exd5 6. Bd3 Bd6 7. O-O O-O 8. b3 Nbd7 9. Ba3 c5 10. Nc3 Bb7 11. Rc1 Re8 12. Nb5 Bf8 13. Bb2 a6 14. Nc3 Rc8 15. Qe2 b5 16. dxc5 Nxc5 17. Bf5 Rc7 18. Qd1 Nfe4 19. Ne2 g6 20. Qd4 f6 21. Bh3 Bg7 22. Qd1 Qe7 23. Nf4 f5 24. Nxd5 Bxd5 25. Qxd5+ Kh8 26. Bxg7+ Qxg7 27. Nd4 Rd7 28. Qc6 Nd3 29. Nxf5 gxf5 30. Bxf5 Rde7 31. Bxe4 Nxc1 32. Rxc1 Rxe4 33. Qxa6 R4e5 34. Qc6 Rd8 35. g3 Red5 36. Kg2 Qe7 37. Qc2 Rd2 38. Qf5 Rf8 39. Rc8 Rxc8 40. Qxc8+ Qd8 41. Qc3+ Kg8 42. e4 Rd7 43. Qc5 Qe7 44. Qf5 Rd8 45. Qg4+ Kh8 46. Qe2 Qe5 47. f3 b4 48. Qc4 Rd2+ 49. Kh3 Qh5# 0-1


[Site "https://www.chess.com"]

[Event "Titled Tuesday Blitz January 31 Late 2023"]
[White "Mosadeghpour, Masoud"]
[Black "Bok, Benjamin"]
[WhiteFideId "12519278"]
[BlackFideId "1017063"]
[WhiteElo "2472"]
[BlackElo "2607"]
[Result "1-0"]
[Round "10"]
[TimeControl "180+2"]
[Date "2023.01.31"]
[WhiteClock "0:01:47"]
[BlackClock "0:00:04"]

1. e4 c5 2. d4 cxd4 3. c3 Nf6 4. e5 Nd5 5. Nf3 Nc6 6. Bc4 Nb6 7. Bb3 d5 8. exd6 Qxd6 9. O-O Be6 10. Na3 dxc3 11. Qe2 Bxb3 12. axb3 Qe6 13. Qc2 a6 14. bxc3 Qg6 15. Qe2 e6 16. Ne5 Nxe5 17. Qxe5 Rc8 18. Nb5 Nd7 19. Nd6+ Bxd6 20. Qxd6 e5 21. Qb4 Qb6 22. Qg4 g6 23. Ba3 Qe6 24. Qb4 b5 25. Rad1 Rc6 26. Qa5 f5 27. Rd2 Kf7 28. Rfd1 Nf6 29. Rd6 Rxd6 30. Rxd6 Qc8 31. Qb6 Re8 32. Rxf6+ Kg8 33. Rc6 Qd7 34. h3 f4 35. Rc7 Qd1+ 36. Kh2 f3 37. Qc6 Rd8 38. Qf6 1-0


[Site "https://www.chess.com"]

[Event "Titled Tuesday Blitz January 31 Late 2023"]
[White "So, Wesley"]
[Black "Babazada, Khazar"]
[WhiteFideId "5202213"]
[BlackFideId "13413554"]
[WhiteElo "2760"]
[BlackElo "2474"]
[Result "1-0"]
[Round "10"]
[TimeControl "180+2"]
[Date "2023.01.31"]
[WhiteClock "0:00:21"]
[BlackClock "0:00:11"]

1. d4 Nf6 2. c4 e6 3. Nc3 d5 4. cxd5 exd5 5. Bg5 c6 6. e3 Be7 7. Bd3 Nbd7 8. Qc2 Nf8 9. Nge2 Ne6 10. Bh4 g6 11. f3 Ng7 12. O-O O-O 13. Rad1 Nf5 14. Bf2 a5 15. e4 dxe4 16. fxe4 Ng7 17. h3 Ne6 18. a4 Nh5 19. Be3 Bg5 20. Qc1 Bxe3+ 21. Qxe3 Qh4 22. Kh2 Bd7 23. g3 Qg5 24. Qxg5 Nxg5 25. g4 Ng7 26. d5 cxd5 27. exd5 f5 28. h4 Nf7 29. g5 Rfe8 30. Nf4 Re3 31. Rfe1 Rae8 32. Rxe3 Rxe3 33. d6 Ne5 34. Ncd5 Ng4+ 35. Kg2 Bc6 36. Bb5 Re8 37. Bxc6 bxc6 38. d7 Rd8 39. Ne7+ Kf8 40. Nxc6 Ne3+ 41. Kf3 Nxd1 42. Nxd8 Ke7 43. Nb7 Kxd7 44. Nd3 Kc6 45. Nxa5+ Kd5 46. Ke2 Kd4 47. Nb3+ Kc4 48. Nd2+ Kd4 49. Nf3+ Ke4 50. a5 Ne6 51. Nd2+ Kd4 52. Nb3+ Kc4 53. Nbc1 Nxb2 54. Nxb2+ Kb5 55. Nb3 Kb4 56. Nd2 Kxa5 57. Nd3 Kb5 58. Ke3 Kc6 59. Nf4 Ng7 60. Kd4 Kd6 61. Nc4+ Ke7 62. Ke5 Ne8 63. Nd5+ Kf7 64. Nd6+ Nxd6 65. Kxd6 Kg7 66. Ke7 1-0


[Site "https://www.chess.com"]

[Event "Titled Tuesday Blitz January 31 Late 2023"]
[White "Andreikin, Dmitry"]
[Black "Yoo, Christopher Woojin"]
[WhiteFideId "4158814"]
[BlackFideId "30909694"]
[WhiteElo "2729"]
[BlackElo "2607"]
[Result "1/2-1/2"]
[Round "10"]
[TimeControl "180+2"]
[Date "2023.01.31"]
[WhiteClock "0:00:05"]
[BlackClock "0:00:02"]

1. c4 Nf6 2. Nc3 e6 3. e4 c5 4. e5 Ng8 5. Nf3 Nc6 6. Be2 Nh6 7. d4 cxd4 8. Nxd4 Nxe5 9. O-O d6 10. Ne4 Bd7 11. Bf4 Be7 12. c5 dxc5 13. Bxe5 f6 14. Nxe6 Bxe6 15. Qa4+ Bd7 16. Bb5 Bxb5 17. Qxb5+ Qd7 18. Qxd7+ Kxd7 19. Rfd1+ Ke6 20. Bf4 Nf5 21. Re1 Kf7 22. Rac1 b6 23. b4 Rhe8 24. bxc5 Bxc5 25. g4 Nd4 26. Kg2 Ne6 27. Bd6 Rad8 28. Bxc5 bxc5 29. Nxc5 Nf4+ 30. Kf3 Rxe1 31. Rxe1 g5 32. Re3 Rd5 33. Ne4 Ra5 34. a3 Kg6 35. Rc3 h5 36. gxh5+ Nxh5 37. Rc6 Rxa3+ 38. Ke2 Nf4+ 39. Kd2 Nd5 40. Rd6 Ra5 41. f3 Kf5 42. Kd3 Ke5 43. Rd8 Ra3+ 44. Ke2 Nf4+ 45. Kf2 Ra2+ 46. Kf1 Nh3 47. Re8+ Kf4 48. Nxf6 Kxf3 49. Nd5 Ra1+ 50. Re1 Rxe1+ 51. Kxe1 a5 52. Kd2 a4 53. Nf6 Kg2 54. Nh7 g4 55. Nf6 Nf2 56. Kc3 Kxh2 57. Nxg4+ Nxg4 58. Kb4 Ne3 59. Kxa4 1/2-1/2


[Site "https://www.chess.com"]